 Dungeon Crawl Stone Soup version 0.30.0-17-ge0270778cf (webtiles) character file.

Game seed: 11998714872013197715

177 Firecrotchwizard the Chopper (level 5, -1/47 HPs)
             Began as a Hill Orc Monk on May 21, 2023.
             Slain by Pikel
             ... wielding a +1 whip of flaming
              (4 damage)
             ... on level 4 of the Dungeon.
             The game lasted 00:02:05 (1188 turns).

Firecrotchwizard the Chopper (Hill Orc Monk)        Turns: 1188, Time: 00:02:06

Health: -1/47      AC:  8    Str: 16    XL:     5   Next: 57%
Magic:  5/5        EV: 10    Int: 10    God:
Gold:   111        SH:  0    Dex: 13    Spells: 4/4 levels left

rFire   + . .        s - +1 dagger (venom)
rCold   . . .        d - orb {light}
rNeg    . . .        i - +2 scale mail {rF+}
rPois   .            (no helmet)
rElec   .            (no cloak)
rCorr   .            (no gloves)
SInv    .            (no boots)
Will    .....        (no amulet) Stlth
                     (no ring)
HPRegen 0.27/turn    (no ring)
MPRegen 0.09/turn

%: no passive effects
@: glowing
A: no striking features
a: no special abilities


You were on level 4 of the Dungeon.
You visited 1 branch of the dungeon, and saw 4 of its levels.

You collected 111 gold pieces.

Inventory:

Hand Weapons
 a - a +0 hand axe
 s - a +1 dagger of venom (weapon)
Armour
 b - a +0 robe
 d - an orb of light (worn)
 i - a +2 scale mail of fire resistance (worn)
Wands
 l - a wand of acid (1)
Scrolls
 e - 2 scrolls of teleportation {unknown}
 f - 4 scrolls of identify {unknown}
 k - a scroll of poison {unknown}
Potions
 c - a potion of ambrosia
 g - a potion of attraction {unknown}
 h - a potion of invisibility {unknown}
 j - a potion of haste {unknown}


   Skills:
 + Level 4.8 Fighting
 * Level 6.3 Axes
 + Level 2.5 Armour
 - Level 2.4 Dodging


You had 4 spell levels left.
You didn't know any spells.
Your spell library was empty.

Dungeon Overview and Level Annotations

Branches:
Dungeon (4/15)
 Temple: D:4-7

Altars:
Gozag

Annotations:
D:4 1 transporter, Pikel


Message History

You hit the worm.
The worm looks as sick as possible!
The worm is heavily wounded.
You hit the worm.
The worm looks as sick as possible!
The worm is heavily wounded.
The worm bites you.
You hit the worm.
The worm looks as sick as possible!
The worm is severely wounded.
The worm bites you but does no damage.
You hit the worm.
You kill the worm!
No target in view!
A lemure comes into view.
The lemure shouts!
You hear a shout!
A jelly comes into view.
Pikel, Merchant of Souls comes into view.
He is wielding a +1 whip of flaming.
A lemure comes into view.
A lemure comes into view.
The lemure shouts!
A lemure comes into view.
You barely miss the lemure.
The lemure shouts!
The lemure hits you.
You hit the lemure but do no damage.
The lemure is poisoned.
The lemure hits you but does no damage.
You hit the lemure but do no damage.
The lemure looks as sick as possible!
The lemure completely misses you.
You hit the lemure.
The lemure looks as sick as possible!
The lemure is lightly wounded.
The lemure hits you but does no damage.
You hit the lemure but do no damage.
The lemure looks as sick as possible!
The lemure is moderately wounded.
The lemure hits you but does no damage.
You hit the lemure but do no damage.
The lemure looks as sick as possible!
The lemure is moderately wounded.
The lemure hits you!
You hit the lemure but do no damage.
The lemure looks as sick as possible!
The lemure is moderately wounded.
The lemure hits you but does no damage.
Pikel cracks his whip.
You hit the lemure.
The lemure looks as sick as possible!
The lemure is moderately wounded.
The lemure hits you.
You hit the lemure but do no damage.
The lemure looks as sick as possible!
The lemure is moderately wounded.
The lemure hits you but does no damage.
You hit the lemure.
The lemure looks as sick as possible!
The lemure is severely wounded.
The lemure barely misses you.
Pikel says, "You'll feel the lick of my whip!"
You hit the lemure but do no damage.
The lemure looks as sick as possible!
The lemure is severely wounded.
The lemure hits you.
You hit the lemure but do no damage.
The lemure is almost dead.
You kill the lemure!
That felt strangely unrewarding.
You hit Pikel but do no damage.
Pikel is poisoned.
Pikel closely misses you.
You hit Pikel.
Pikel looks as sick as possible!
Pikel is lightly wounded.
Pikel barely misses you.
You closely miss Pikel.
Pikel is lightly wounded.
Pikel hits you with a +1 whip of flaming!
Pikel burns you.
The jelly jiggles.
You hit Pikel but do no damage.
Pikel looks as sick as possible!
Pikel is lightly wounded.
Pikel hits you with a +1 whip of flaming.
Pikel burns you.
* * * LOW HITPOINT WARNING * * *
You barely miss Pikel.
Pikel is lightly wounded.
Pikel hits you but does no damage.
You hit Pikel but do no damage.
Pikel looks as sick as possible!
Pikel is moderately wounded.
Pikel hits you with a +1 whip of flaming.
* * * LOW HITPOINT WARNING * * *
The jelly jiggles.
You barely miss Pikel.
Pikel is moderately wounded.
Pikel hits you with a +1 whip of flaming!
* * * LOW HITPOINT WARNING * * *
Pikel burns you.
* * * LOW HITPOINT WARNING * * *
The jelly jiggles.
Pikel attacks as you move away!
Pikel hits you with a +1 whip of flaming.
* * * LOW HITPOINT WARNING * * *
You hit Pikel but do no damage.
Pikel looks as sick as possible!
Pikel is severely wounded.
Pikel hits you but does no damage.
You hit Pikel but do no damage.
Pikel looks as sick as possible!
Pikel is severely wounded.
Pikel hits you with a +1 whip of flaming!
* * * LOW HITPOINT WARNING * * *
Pikel burns you.
* * * LOW HITPOINT WARNING * * *
Pikel attacks as you move away!
Pikel hits you with a +1 whip of flaming.
You die...

...........######...# .≈~♣
###.###.#### #...# .≈~~
###.###..# #...# #?≈.
.........# #...# #.≈.
....###†.# #...# .#### ..
#..########...####.#P..
#..##..............#8P$
#.5.5..............####
...#.####.##JK@...............
....5......######....#.###.#..
...##5###..# #....#.# # . #
...# #....#.# .#.# #....#.# #.
.# #<.....# .. .# ##...### ..
## ##.## #########.#####.#


You could see Pikel (extremely poisoned), 2 lemures and a jelly.

Vanquished Creatures
  Menkaure (D:4)
  A lemure (D:4)
  An iguana (D:4)
  3 worms
  An endoplasm (D:2)
  4 giant cockroaches
  3 hobgoblins
  A kobold (D:4)
  3 ball pythons (D:3)
  A bat (D:3)
  2 goblins
21 creatures vanquished.

Notes
Turn   | Place    | Note
-------+----------+-------------------------------------------
     0 | D:1      | Firecrotchwizard the Hill Orc Monk began the quest for the
                  | Orb.
     0 | D:1      | Reached XP level 1. HP: 19/19 MP: 1/1
   231 | D:3      | Reached XP level 2. HP: 14/27 MP: 2/2
   313 | D:3      | Found a faded altar of an unknown god.
   317 | D:3      | Found an opulent altar of Gozag.
   474 | D:3      | Reached skill level 1 in Armour
   776 | D:4      | Found a transporter.
   790 | D:4      | Reached skill level 5 in Axes
   790 | D:4      | Reached XP level 3. HP: 13/33 MP: 3/3
   870 | D:4      | Noticed Menkaure
   875 | D:4      | Killed Menkaure
   876 | D:4      | Reached skill level 6 in Axes
   876 | D:4      | Reached XP level 4. HP: 41/41 MP: 4/4
   876 | D:4      | Reached XP level 5. HP: 47/47 MP: 5/5
  1154 | D:4      | Noticed a lemure
  1154 | D:4      | Noticed Pikel
  1156 | D:4      | Noticed a lemure
  1158 | D:4      | Noticed a lemure
  1159 | D:4      | Noticed a lemure
  1171 | D:4      | Killed a lemure
  1185 | D:4      | HP: 2/47 [Pikel/+1 whip of flaming (1)]
  1188 | D:4      | Slain by Pikel

Illustrated notes

Levels and vault maps discovered:
D:1:      matt_arrival_spirals, layout_loops_ring, serial_shops, shop,
          nicolae_shop_just_a_little_nook, nicolae_shop_just_a_little_nook,
          shop, corexii_hall_statues_u, minmay_close_crescents
D:2:      layout_rooms, dreamdust_ecumenical_altar_statues, hex_medium,
          minivault_5
D:3:      layout_rooms, nicolae_overflow_ecumenical_swirl
D:4:      gammafunk_wand_slinger, layout_loops_cross, uniq_pikel, uniq_menkaure

Skill      XL: |  1  2  3 |
---------------+----------+-----
Armour         | 1 2 |  2.5
Fighting       | 4 |  4.8
Axes           | 5 6 |  6.3
Dodging        | |  2.4

Action                     |  1- 3 |  4- 6 || total
---------------------------+-------+-------++-------
  Melee: Dagger            |    38 |    35 ||    73
         Hand axe          |     2 |       ||     2
  Evoke: Wand              |     3 |       ||     3
   Stab: Sleeping          |     1 |       ||     1
 Armour: Scale mail        |     9 |    11 ||    20
  Dodge: Dodged            |    16 |     6 ||    22
